AoeStats
← Beerial

Lombardia

510179327Analyzed
3v3 RM · 2d ago on Sep 29, 2026· 23m 19s· 6 players
Game mode
Random Map
Map size
Normal (6 player)
Population
200
Speed
Normal
Resources
Standard
Victory
Conquest
Starting age
Dark Age
Ending age
Imperial Age
RankedLock teamsTeams togetherTeam positionsShared explorationLock speedFull tech treeHidden civsTurbo modeCheats
Victory
Defeat
🇫🇷 Dravidians · France
1355
+18
🇦🇷 Spanish · Argentina
1325
+20
🇵🇪 Khmer · Peru
1263
+22
🇮🇹 Saxons · Italy
1478
-23
🇮🇹 Hindustanis · Italy
1384
-19
🇬🇧 Teutons · United Kingdom
1347
-18
Beerial
11:18 Feudal Age
15:15 Castle Age
13:30 Double-Bit Axe
13:29 Horse Collar
14:51 Loom
15:29 Pikeman
16:35 Bow Saw
16:07 Pikeman
17:17 Heavy Plow
23:50 Wheelbarrow
Escala
7:39 Loom
9:42 Feudal Age
11:17 Double-Bit Axe
23:23 Castle Age
22:38 Forging
22:28 Gold Mining
22:59 Scale Barding Armor
23:19 Bloodlines
AWAKALTA
10:55 Feudal Age
14:30 Castle Age
14:02 Double-Bit Axe
15:35 Loom
18:14 Horse Collar
23:24 Padded Archer Armor
NICH
9:10 Feudal Age
9:36 Double-Bit Axe
9:32 Horse Collar
11:23 Loom
21:39 Castle Age
22:11 Fletching
22:43 Bow Saw
22:36 Heavy Plow
22:27 Gold Mining
Catipan Dixlesya
6:33 Loom
9:00 Feudal Age
10:16 Wheelbarrow
10:35 Wheelbarrow
10:22 Double-Bit Axe
14:11 Horse Collar
22:27 Castle Age
21:50 Gold Mining
23:42 Bow Saw
Roar
7:16 Loom
9:50 Feudal Age
10:29 Double-Bit Axe
11:02 Horse Collar
16:24 Forging
20:55 Bloodlines
21:40 Wheelbarrow
20:50 Town Watch
24:55 Castle Age
Connection lost

Rejoining the realm…

Still unreachable

The connection could not be restored.

Session expired

The server has moved on; the page needs a fresh start.